 Dungeon Crawl Stone Soup version 0.19-a0-49-gb8736b8 (webtiles) character file.

468 Mefis the Magician (level 6, -5/32 HPs)
             Began as a Deep Elf Wizard on May 6, 2016.
             Slain by an iguana (10 damage)
             ... on level 4 of the Dungeon.
             The game lasted 00:16:01 (3459 turns).

Mefis the Magician (Deep Elf Wizard)                Turns: 3459, Time: 00:16:02

Health: -5/32      AC: 15    Str:  4    XL:     6   Next: 81%
Magic:  12/16      EV: 13    Int: 25    God:
Gold:   190        SH:  0    Dex: 13    Spells: 6 memorised, 3 levels left

rFire  . . .     SeeInvis .     j - +1 dagger (drain)
rCold  . . .     Gourm    .     B - +2 robe {Archmagi}
rNeg   . . .     Faith    .     (no shield)
rPois  .         Spirit   .     p - +0 helmet
rElec  .         Dismiss  .     t - +1 cloak
rCorr  .         Reflect  .     x - +2 pair of gloves
SustAt .         Harm     .     (no boots)
MR     .....                    (no amulet)
Stlth  +++.......               n - ring of flight
                                l - +5 ring of protection

@: very slightly contaminated, not resistant to hostile enchantments, fairly
stealthy
A: no striking features
a: Evoke Flight


You were on level 4 of the Dungeon.
You were not hungry.

You visited 1 branch of the dungeon, and saw 4 of its levels.

You collected 190 gold pieces.

Inventory:

Hand Weapons
 f - a +0 hunting sling
 j - a +1 dagger of draining (weapon)
 m - a +0 falchion of slicing
 s - a +0 blowgun
Missiles
 r - 18 poisoned needles
 y - 20 arrows
Armour
 i - a +0 robe
 p - a +0 helmet (worn)
 t - a +1 cloak (worn)
 x - a +2 pair of gloves (worn)
 B - a +2 robe of the Archmagi (worn)
Jewellery
 l - a +5 ring of protection (left hand)
 n - a ring of flight (right hand)
Wands
 D - a wand of polymorph (0/24)
Scrolls
 b - a scroll of immolation {unknown}
 g - 2 scrolls of magic mapping {unknown}
 h - a scroll of recharging
 k - 5 scrolls of identify
 o - a scroll of noise
 A - a scroll of remove curse
Potions
 a - a potion of ambrosia {unknown}
 e - a potion of resistance
 u - 2 potions of might {unknown}
 v - a potion of degeneration {unknown}
 z - a potion of beneficial mutation {unknown}
 C - a potion of cancellation {unknown}
Books
 c - a book of Minor Magic

   Spells                             Type                      Level
   a - Magic Dart                     Conjuration                  1
   b - Blink                          Translocation                2
   c - Call Imp                       Summoning                    2
   d - Repel Missiles                 Charms/Air                   2
   e - Slow                           Hexes                        2
   f - Conjure Flame                  Conjuration/Fire             3
   g - Mephitic Cloud                 Conjuration/Poison/Air       3
Comestibles
 d - 4 bread rations
 q - 2 fruits
 w - a royal jelly


   Skills:
 + Level 3.9 Dodging
 + Level 4.8 Stealth
 + Level 5.7 Spellcasting
 + Level 2.9 Conjurations
 + Level 2.9 Summonings
 - Level 1.1 Translocations
 + Level 2.1 Fire Magic
 + Level 2.4 Poison Magic


You had 3 spell levels left.
You knew the following spells:

 Your Spells              Type           Power        Failure   Level  Hunger
a - Magic Dart            Conj           ####         2%          1    None
b - Call Imp              Summ           ####....     4%          2    None
c - Blink                 Tloc           N/A          10%         2    None
d - Repel Missiles        Chrm/Air       ##....       14%         2    None
e - Mephitic Cloud        Conj/Pois/Air  ###.....     12%         3    #......
f - Conjure Flame         Conj/Fire      ####....     12%         3    #......


Dungeon Overview and Level Annotations

Branches:
Dungeon (4/15)
 Temple: D:4-7

Altars:
Ashenzari


Message History

Found 16 sling bullets.
You see here 7 gold pieces.
A puff of flame appears from out of thin air!
The puff of flame hits you!
An iguana comes into view.
The iguana hisses angrily.
You hit the ball python. You drain the ball python!
You kill the ball python!
A puff of flame appears from out of thin air!
The puff of flame hits you!
* * * LOW HITPOINT WARNING * * *
The iguana hisses menacingly.
You see here a ball python corpse.
The iguana bites you.
* * * LOW HITPOINT WARNING * * *
A magic dart appears from out of thin air!
The magic dart hits you!
* * * LOW HITPOINT WARNING * * *
The iguana bites you!
You die...

..........#+##
.............# .....
.............# .....
##.[....##.....
#...............
#.....>.........
#######.........#...#
#...............#...#
#.........@.........# +#
#..........l....(...# .###
####........{.......#+#....
###.....................
#..........)..........
#...........##........
#.......†.)..'........
#..........###........
#..........# ####.....


You could see an iguana.

Vanquished Creatures
  Sigmund (D:2)
  A centaur skeleton (D:4)
  An orc priest (D:4)
  Natasha (thrice) (D:2)
  An orc wizard (D:4)
  Robin (D:2)
  4 adders
  4 worms
  4 dart slugs
  An orc (D:4)
  2 ball pythons
  5 bats
  5 giant cockroaches
  16 goblins
  6 hobgoblins
  4 jackals
  2 quokkas (D:2)
  A giant newt (D:3)
  9 kobolds
  2 rats
73 creatures vanquished.

Vanquished Creatures (collateral kills)
  A goblin (D:2)
  2 hobgoblins (D:2)
3 creatures vanquished.

Grand Total: 76 creatures vanquished

Notes
Turn   | Place    | Note
--------------------------------------------------------------
     0 | D:1      | Mefis the Deep Elf Wizard began the quest for the Orb.
     0 | D:1      | Reached XP level 1. HP: 10/10 MP: 7/7
   354 | D:1      | Reached XP level 2. HP: 15/15 MP: 7/9
   358 | D:1      | Learned a level 2 spell: Call Imp
   361 | D:1      | Learned a level 2 spell: Blink
   364 | D:1      | Learned a level 2 spell: Repel Missiles
   759 | D:2      | Noticed Robin
   760 | D:2      | Noticed Natasha
   912 | D:2      | Reached XP level 3. HP: 19/19 MP: 11/11
   917 | D:2      | Learned a level 3 spell: Mephitic Cloud
  1057 | D:2      | Killed Robin
  1057 | D:2      | Reached skill level 5 in Spellcasting
  1355 | D:2      | Reached XP level 4. HP: 24/24 MP: 8/13
  1360 | D:2      | Learned a level 3 spell: Conjure Flame
  1530 | D:2      | Noticed Sigmund
  2055 | D:3      | Found a shattered altar of Ashenzari.
  3105 | D:2      | Killed Natasha
  3105 | D:2      | Reached skill level 1 in Fire Magic
  3105 | D:2      | Reached XP level 5. HP: 27/28 MP: 7/14
  3180 | D:2      | Killed Sigmund
  3180 | D:2      | Reached skill level 1 in Poison Magic
  3180 | D:2      | Reached XP level 6. HP: 32/32 MP: 8/16
  3229 | D:2      | Noticed Natasha
  3235 | D:2      | Killed Natasha
  3257 | D:2      | Noticed Natasha
  3263 | D:2      | Killed Natasha
  3459 | D:4      | Slain by an iguana

Vault maps used:
D:1:      scummos_arrival_simple_crosswalls, minmay_misc_feat_pillars
D:2:      uniq_natasha, uniq_sigmund, uniq_robin
D:3:      lemuel_crystal_altar, first_bread
D:4:      elyvilon_altar_3, minmay_temple_entry_glassed_door

Skill      XL: |  1  2  3  4  5  6 |
---------------+-------------------+-----
Stealth        | 3 4 |  4.8
Spellcasting   | 5 |  5.7
Conjurations   | 2 |  2.9
Dodging        | 3 |  3.9
Summonings     | 2 |  2.9
Fire Magic     | 1 2 |  2.1
Poison Magic   | 1 2 |  2.4
Translocations | |  1.1

Action                   |  1- 3 |  4- 6 || total
-------------------------+-------+-------++-------
Melee: Dagger            |    37 |    95 ||   132
 Cast: Magic Dart        |    46 |    73 ||   119
       Repel Missiles    |     1 |     1 ||     2
       Mephitic Cloud    |     2 |     3 ||     5
       Call Imp          |     1 |     3 ||     4
  Use: Scroll            |     5 |       ||     5
       Potion            |       |     1 ||     1
 Stab: Sleeping          |     2 |     4 ||     6
       Confused          |     1 |     4 ||     5
       Distracted        |     1 |       ||     1
  Eat: Chunk             |     1 |     7 ||     8
Armor: Robe              |     7 |    40 ||    47
Dodge: Dodged            |    23 |    49 ||    72
       Deflected         |       |     4 ||     4
